 Dungeon Crawl Stone Soup version 0.29.0-11-gd7f09526c8 (webtiles) character file.

Game seed: 16720639999116670614

115 browni3141 the Vexing (level 5, 0/41 HPs)
             Began as a Ghoul Enchanter on Sept 5, 2022.
             Slain by a gnoll
             ... wielding a +0 spear
              (9 damage)
             ... on level 3 of the Dungeon.
             The game lasted 00:10:23 (4891 turns).

browni3141 the Vexing (Ghoul Enchanter)             Turns: 4891, Time: 00:10:23

Health: 0/41       AC:  2    Str: 14    XL:     5   Next: 0%
Magic:  1/7        EV: 12    Int: 10    God:
Gold:   207        SH:  0    Dex:  9    Spells: 3/8 levels left

rFire   + . .      SeeInvis .     - Unarmed
rCold   + + .      Faith    .   (no shield)
rNeg    + + +      Spirit   .   b - +0 robe
rPois   ∞          Reflect  .   (no helmet)
rElec   .          Harm     .   s - scarf {rC+ rF+}
rCorr   .          Rampage  .   (no gloves)
Will    .....                   (no boots)
Stlth   ++........              (no amulet)
HPRegen 0.00/turn               L - ring of flight
MPRegen 0.10/turn               (no ring)

@: confusing by touch, flying, inhibited regen
A: claws 1, cold resistance 1, negative energy resistance 3, inhibited
regeneration, torment resistance 2, devour on kill
a: no special abilities


You were on level 3 of the Dungeon.
You visited 1 branch of the dungeon, and saw 3 of its levels.

You collected 207 gold pieces.


Innate Abilities, Weirdness & Mutations

You are immune to poison.
You have sharp fingernails.
Your flesh is cold resistant. (rC+)
You are immune to negative energy. (rN+++)
You do not regenerate when monsters are visible.
You are immune to unholy pain and torment.
You thrive by killing the living.


   Skills:
 - Level 2.0 Fighting
 - Level 0.8 Short Blades
 - Level 1.7 Dodging
 - Level 3.2 Stealth
 - Level 2.0 Unarmed Combat
 - Level 2.0 Spellcasting
 * Level 3.7 Hexes


You had 3 spell levels left.
You knew the following spells:

 Your Spells              Type           Power      Damage    Failure   Level
o - Confusing Touch       Hex            8%         N/A       21%         3
z - Ensorcelled Hibernat  Hex/Ice        8%         N/A       22%         2

Your spell library contained the following spells:

 Spells                   Type           Power      Damage    Failure   Level
 Tukima's Dance           Hex            8%         N/A       21%         3
 Dazzling Flash           Conj/Hex       8%         N/A       41%         3

Inventory:

Hand Weapons
 a - a +1 dagger
Armour
 b - a +0 robe (worn)
 s - a scarf of resistance (worn)
 t - a +0 pair of boots
Magical Staves
 o - a staff of air
Jewellery
 L - a ring of flight (left claw)
Scrolls
 e - a scroll of summoning {unknown}
 f - 3 scrolls of immolation {unknown}
 g - a scroll of brand weapon {unknown}
 h - a scroll of poison {unknown}
 i - 8 scrolls of identify {unknown}
 l - a scroll of amnesia {unknown}
 m - a scroll of butterflies {unknown}
 q - a scroll of magic mapping {unknown}
 y - 2 scrolls of teleportation {unknown}
Potions
 c - a potion of invisibility
 d - a potion of cancellation {unknown}
 j - a potion of haste {unknown}
 k - 3 potions of might {unknown}
 n - a potion of attraction {unknown}
 p - a potion of mutation {unknown}
 r - 2 potions of curing {unknown}
 u - a potion of degeneration {unknown}
 v - a potion of heal wounds {unknown}
 w - a potion of lignification {unknown}
 x - a potion of ambrosia {unknown}

Dungeon Overview and Level Annotations

Branches:
Dungeon (3/15)

Altars:

Annotations:
D:3 exclusion: gnoll

..###.#.#.......#.#
........#.......#.#
#.###..)#.....<...#
#..##.#.#.#############
##.##...........#.....#
#....#.#######.#.###.#
####............#.# #.#
.......##########.# #.#
......>.†......g@.# #.#
......############# #.#
.........# #[#
.........# #.#
.........# #.#
.........# #.#
####.....############.#
#.....##...........#
#...g.##.###########


You could see a gnoll.


Message History

Confirm with . or Enter, or press ? or * to list all spells.
Aiming: Ensorcelled Hibernation (safe; 22% risk of failure)
Press: ? - help, Shift-Dir - straight line, f/p - gnoll
Aim: a gnoll, wielding a +0 spear (chance to affect: 46%)
You miscast Ensorcelled Hibernation.
You are very lightly contaminated with residual magic.
Nothing appears to happen.
Casting: Ensorcelled Hibernation (safe; 22% risk of failure)
Confirm with . or Enter, or press ? or * to list all spells.
Aiming: Ensorcelled Hibernation (safe; 22% risk of failure)
Press: ? - help, Shift-Dir - straight line, f/p - gnoll
Aim: a gnoll, wielding a +0 spear (chance to affect: 46%)
Okay, then.
Casting: Ensorcelled Hibernation (safe; 22% risk of failure)
Confirm with . or Enter, or press ? or * to list all spells.
The spell is quite dangerous to miscast (21% risk of failure)!
Continue anyway?
Your claws begin to glow red.
The gnoll hits you from afar with a +0 spear!
The gnoll hits you with a +0 spear.
You barely miss the gnoll. The gnoll closely misses you.
You scratch the gnoll but do no damage. The gnoll hits you with a +0 spear!
You scratch the gnoll but do no damage. The gnoll barely misses you.
You barely miss the gnoll. The gnoll closely misses you.
You completely miss the gnoll. The gnoll hits you with a +0 spear!
* * * LOW HITPOINT WARNING * * *
Your magical contamination has completely faded away.
You barely miss the gnoll. The gnoll hits you with a +0 spear.
* * * LOW HITPOINT WARNING * * *
You completely miss the gnoll. The gnoll hits you with a +0 spear!
You die...

Skill      XL: |  1  2  3  4 |
---------------+-------------+-----
Unarmed Combat | 1 2 |  2.0
Fighting       | 1 2 |  2.0
Hexes          | 3 |  3.7
Spellcasting   | 2 |  2.0
Short Blades   | |  0.8
Dodging        | |  1.7
Stealth        | |  3.2

Action                   |  1- 3 |  4- 6 || total
-------------------------+-------+-------++-------
Melee: Unarmed           |   142 |   140 ||   282
       Punch             |     1 |     4 ||     5
 Cast: Confusing Touch   |       |     5 ||     5
       Ensorcelled Hiber |       |     5 ||     5
  Use: Potion            |       |     1 ||     1
 Stab: Sleeping          |     3 |     8 ||    11
       Confused          |       |     3 ||     3
Armor: Robe              |    23 |    21 ||    44
Dodge: Dodged            |    83 |    69 ||   152

Levels and vault maps discovered:
D:1:      sevenhm_arrival_forest_fort_large_2, layout_loops_ring
D:2:      layout_basic, shapermc_ecumenical_altar_starsandcircs
D:3:      layout_basic, kennysheep_small_spiral

Notes
Turn   | Place    | Note
-------+----------+-------------------------------------------
     0 | D:1      | browni3141 the Ghoul Enchanter began the quest for the Orb.
     0 | D:1      | Reached XP level 1. HP: 14/14 MP: 2/2
   404 | D:1      | Reached skill level 1 in Unarmed Combat
   598 | D:1      | Reached XP level 2. HP: 10/20 MP: 3/3
   823 | D:1      | Reached skill level 2 in Unarmed Combat
   926 | D:1      | Reached skill level 1 in Fighting
  1374 | D:1      | Reached XP level 3. HP: 29/29 MP: 4/4
  1480 | D:1      | Learned a level 3 spell: Confusing Touch
  1624 | D:1      | Reached skill level 2 in Fighting
  2307 | D:2      | Reached skill level 3 in Hexes
  2315 | D:2      | Learned a level 2 spell: Ensorcelled Hibernation
  2341 | D:2      | Found a faded altar of an unknown god.
  2494 | D:2      | Reached XP level 4. HP: 30/36 MP: 5/5
  2799 | D:2      | Reached skill level 2 in Spellcasting
  3030 | D:3      | Identified a scarf of resistance
  4788 | D:3      | Reached XP level 5. HP: 40/41 MP: 7/7
  4891 | D:3      | Slain by a gnoll

Vanquished Creatures
  5 adders
  2 worms (D:3)
  2 dart slugs
  An orc (D:3)
  6 bats
  7 endoplasms
  3 giant cockroaches
  4 goblins
  9 hobgoblins
  3 quokkas
  6 ball pythons
  3 frilled lizards
  A kobold (D:3)
  4 rats
56 creatures vanquished.

Table legend: (Time is in decaauts)
 A = Elapsed time spent in this place.
 B = Non-inter-level travel time spent in this place.
 C = Inter-level travel time spent in this place.
 D = Time resting spent in this place.
 E = Time spent auto-exploring this place.
 F = Levels seen in this place.
 G = Mean time per level.
                   A        B        C        D        E       F      G
               +--------+--------+--------+--------+--------+-----+--------+
         Total |   4881 |   4792 |     89 |   1069 |   2765 |   3 | 1627.0 |
       Dungeon |   4881 |   4792 |     89 |   1069 |   2765 |   3 | 1627.0 |
               +--------+--------+--------+--------+--------+-----+--------+

Top non-repeatable levels by time:
     D:3: 1908 daAuts
     D:1: 1840 daAuts
     D:2: 1132 daAuts

Table legend:
 A = Non-vault XP
 B = Vault XP
 C = Vault XP percentage of total XP
 D = Non-vault monster count
 E = Vault monster count
 F = Vault count percentage of total count
                 A         B        C        D         E       F
            +---------+---------+-------+---------+---------+-------
      Total |     165 |       0 |   0.0 |      56 |       0 |   0.0
            +---------+---------+-------+---------+---------+-------
        D:1 |      51 |       0 |   0.0 |      21 |       0 |   0.0
        D:2 |      54 |       0 |   0.0 |      18 |       0 |   0.0
        D:3 |      60 |       0 |   0.0 |      17 |       0 |   0.0
            +---------+---------+-------+---------+---------+-------
